 Dungeon Crawl Stone Soup version 0.31.0-12-g77e489cdc1 (webtiles) character file.

Game seed: 11663584269782049638

7439 Peloso the Carver (level 10, -2/78 (94) HPs)
             Began as a Minotaur Fighter on Feb 28, 2024.
             Was a Priest of Okawaru.
             Killed from afar by Nergalle (18 damage)
             ... with a bolt of negative energy
             ... on level 10 of the Dungeon.
             The game lasted 00:16:09 (9136 turns).

Peloso the Carver (Minotaur Fighter)                Turns: 9136, Time: 00:16:10

HP:   -2/78 (94)    AC: 20    Str: 20    XL:     10   Next: 93%
MP:   7/9           EV:  9    Int:  5    God:    Okawaru [***...]
Gold: 539           SH: 12    Dex: 15    Spells: 9/9 levels left

rFire   . . .        a - +3 scimitar
rCold   . . .        d - +0 buckler
rNeg    . . .        l - +0 plate armour
rPois   .            (helmet restricted)
rElec   .            (no cloak)
rCorr   +            s - +0 pair of gloves
SInv    .            C - +0 pair of boots
Will    .....        J - amulet of reflection Stlth
                     k - ring of resist corrosion
HPRegen 0.33/turn    (no ring)
MPRegen 0.11/turn

%: reflection
@: heroic, heavily drained
A: horns 2, retaliatory headbutt
a: Renounce Religion, Heroism


You were on level 10 of the Dungeon.
You worshipped Okawaru.
Okawaru was most pleased with you.
You visited 2 branches of the dungeon, and saw 11 of its levels.

You collected 572 gold pieces.
You spent 33 gold pieces at shops.

Inventory:

Hand Weapons
 a - a +3 scimitar (weapon)
 b - a +1 scimitar of flaming
Armour
 c - a +0 chain mail
 d - a +0 buckler (worn)
 l - a +0 plate armour (worn)
 s - a +0 pair of gloves (worn)
 C - a +0 pair of boots (worn)
Jewellery
 f - an amulet of magic regeneration
 k - a ring of resist corrosion (left hand)
 w - a ring of ice
 G - a ring of magical power
 J - an amulet of reflection (around neck)
 L - an amulet of faith
Talismans
 E - a serpent talisman
Wands
 x - a wand of digging (1)
 y - a wand of flame (19)
 A - a wand of mindburst (9)
 F - a wand of paralysis (5)
Scrolls
 e - 2 scrolls of amnesia
 g - 8 scrolls of teleportation
 i - a scroll of brand weapon
 m - 3 scrolls of enchant weapon {unknown}
 n - 2 scrolls of enchant armour
 o - 2 scrolls of fog
 p - 2 scrolls of fear {unknown}
 t - a scroll of noise
 u - 2 scrolls of summoning {unknown}
 v - a scroll of revelation {unknown}
 D - a scroll of vulnerability {unknown}
 H - a scroll of immolation
 M - 2 scrolls of poison {unknown}
Potions
 h - 2 potions of might
 j - a potion of brilliance
 q - 5 potions of curing
 r - 2 potions of invisibility
 B - a potion of haste
 K - a potion of ambrosia


   Skills:
 + Level 10.5(15.5) Fighting
 + Level 12.3(17.3) Long Blades
 + Level 11.1(16.1) Armour
 + Level 1.4(6.4) Dodging
 + Level 0.7(5.7) Stealth
 + Level 7.6(12.6) Shields
 + Level 0.3 Invocations


You had 9 spell levels left.
You didn't know any spells.
Your spell library contained the following spells:

 Spells                   Type           Power      Damage    Failure   Level
 Slow                     Hex            0%         N/A       99%         1
 Jinxbite                 Hex            0%         N/A       100%        2
 Dazzling Flash           Conj/Hex       0%         N/A       100%        3
 Hailstorm                Conj/Ice       0%         3d5       100%        3
 Mephitic Cloud           Conj/Alch/Air  0%         N/A       100%        3
 Sigil of Binding         Hex            0%         N/A       100%        3
 Dimensional Bullseye     Hex/Tloc       0%         N/A       100%        4
 Curse of Agony           Necr           0%         N/A       100%        5
 Silence                  Hex/Air        0%         N/A       100%        5
 Summon Ice Beast         Ice/Summ       Unusable   N/A       N/A         3
 Sculpt Simulacrum        Ice/Alch       Unusable   N/A       N/A         6

Dungeon Overview and Level Annotations

Branches:
Dungeon (10/15)            Temple (1/1) D:4
   Lair: D:8-11         Orc: D:9-12

Altars:
Ashenzari
Cheibriados
Dithmenos
Elyvilon
Fedhas
Gozag
Hepliaklqana
Kikubaaqudgha
Makhleb
Nemelex Xobeh
Okawaru
Qazlal
Ru
Trog
Uskayaw
Vehumet
Wu Jian
Xom
Yredelemnul
Zin
The Shining One

Shops:
D:3 (   D:4 ?   D:7 (

Annotations:
D:10 Nergalle


Innate Abilities, Weirdness & Mutations

You have a pair of horns on your head.
You reflexively headbutt those who attack you in melee.


Message History

You slice the butterfly!!
You kill the butterfly!
You gain the combat prowess of a mighty hero.
Nergalle gestures at you while chanting.
The bolt of negative energy hits you!!
You feel drained.
You hit Nergalle but do no damage.
Nergalle points at you and mumbles some strange words.
Orcish apparitions take form around you.
You slash Nergalle!
Nergalle is lightly wounded.
You hit Nergalle.
Nergalle is lightly wounded.
You block Nergalle's attack.
You hit Nergalle.
You headbutt Nergalle, but do no damage.
Nergalle is moderately wounded.
You block Nergalle's attack.
The spectral orc knight unwields a +0 arbalest.
The spectral orc knight hits you but does no damage.
You hit Nergalle.
Nergalle is moderately wounded.
You block Nergalle's attack.
Unknown command.
You hit Nergalle. You headbutt Nergalle.
Nergalle is moderately wounded.
The spectral orc knight hits you but does no damage.
You hit Nergalle but do no damage. Your headbutt misses Nergalle.
Nergalle is moderately wounded.
Nergalle points at you and mumbles some strange words.
The bolt of negative energy hits you!!
You feel drained.
* * * LOW HITPOINT WARNING * * *
The bolt of negative energy hits the spectral orc knight.
The spectral orc knight completely resists.
The spectral orc knight hits you.
* * * LOW HITPOINT WARNING * * *
You closely miss Nergalle.
Nergalle is moderately wounded.
Nergalle casts a spell at you. The bolt of negative energy hits you!!
You feel drained.
You die...

... #.. .. #. #.#
....##. ...
.......##.#
.###+###.#.####.##
##~~.~~##.........
#b..P..~##Z##.#
~.P.♣.P.~#@##.#
~...⌠b..~#o##<#
.P..$..P.'..#.#
~...⌠!..~#....#
~.P.♣.P.b#.##.#
#~..P..~##......
##~~.~~##.#.#.###
.###+###.^.....#
#.......#.......


You could see Nergalle and a spectral orc knight (summoned).

Vanquished Creatures
  Erica (D:8)
  2 two-headed ogres
  A manticore (D:7)
  Psyche (D:8)
  A hornet (D:9)
  A shadow (D:7)
  6 yaks (D:8)
  A wraith (D:8)
  A steam dragon (D:7)
  An acid dragon (D:8)
  An ice beast (D:8)
  A black bear (D:6)
  4 centaurs
  A phantom (D:6)
  5 kobold brigands
  5 bullfrogs
  5 scorpions
  9 wights
  6 killer bees
  4 howler monkeys
  2 bombardier beetles
  3 hounds
  A gnoll bouda (D:4)
  3 orc priests
  4 sleepcaps
  Natasha (thrice) (D:2)
  5 iguanas
  6 orc wizards
  6 adders
  11 gnolls
  A shadow imp (D:5)
  2 ufetubi (D:5)
  3 dart slugs
  3 ribbon worms
  23 orcs
  4 endoplasms
  2 giant cockroaches
  4 hobgoblins
  6 jackals
  23 kobolds
  7 quokkas
  9 ball pythons
  7 bats
  3 frilled lizards
  5 goblins
  10 rats
  A butterfly (D:10)
214 creatures vanquished.

Vanquished Creatures (others)
  A hound (D:4)
  An iguana (D:4)
  A gnoll (D:4)
  2 adders (D:4)
  An orc (D:4)
  A hobgoblin (D:4)
  3 quokkas (D:4)
10 creatures vanquished.

Grand Total: 224 creatures vanquished

Notes
Turn   | Place    | Note
-------+----------+-------------------------------------------
     0 | D:1      | Peloso the Minotaur Fighter began the quest for the Orb.
     0 | D:1      | Reached XP level 1. HP: 19/19 MP: 0/0
    38 | D:1      | Found a faded altar of an unknown god.
   170 | D:1      | Reached XP level 2. HP: 26/27 MP: 1/1
  1038 | D:2      | Reached XP level 3. HP: 33/33 MP: 2/2
  1335 | D:2      | Noticed Natasha
  1346 | D:2      | Killed Natasha
  1347 | D:2      | Reached skill level 3 in Long Blades
  1404 | D:2      | Noticed Natasha
  1410 | D:2      | Killed Natasha
  1411 | D:2      | Reached XP level 4. HP: 35/40 MP: 3/3
  1442 | D:2      | Noticed Natasha
  1449 | D:2      | Killed Natasha
  1660 | D:3      | Found a blossoming altar of Fedhas.
  1672 | D:3      | Reached skill level 4 in Long Blades
  1672 | D:3      | Reached skill level 5 in Armour
  1672 | D:3      | Reached XP level 5. HP: 47/47 MP: 4/4
  1905 | D:3      | Found a snail-covered altar of Cheibriados.
  2145 | D:3      | Found Kacras's Antique Weapon Shop.
  2266 | D:3      | Reached skill level 5 in Long Blades
  2546 | D:4      | Reached XP level 6. HP: 55/55 MP: 5/5
  2939 | D:4      | Reached skill level 6 in Long Blades
  3020 | D:4      | Reached skill level 5 in Fighting
  3114 | D:4      | Found Dogukh's Magic Scroll Emporium.
  3120 | D:4      | Bought a scroll of identify for 22 gold pieces
  3120 | D:4      | Bought a scroll of noise for 11 gold pieces
  3215 | D:4      | Found a staircase to the Ecumenical Temple.
  3248 | Temple   | Entered the Ecumenical Temple
  3299 | D:4      | Found a shimmering altar of Xom.
  3663 | D:5      | Entered Level 5 of the Dungeon
  3669 | D:5      | Reached XP level 7. HP: 52/62 MP: 6/6
  4035 | D:5      | Reached skill level 1 in Dodging
  4321 | D:5      | Found a bloodstained altar of Trog.
  4688 | D:6      | Reached skill level 7 in Long Blades
  4692 | D:6      | Reached skill level 5 in Shields
  4692 | D:6      | Reached XP level 8. HP: 41/71 MP: 7/7
  4939 | D:6      | Found a white marble altar of Elyvilon.
  5353 | D:6      | Found an iron altar of Okawaru.
  5372 | D:6      | Became a worshipper of Warmaster Okawaru
  5455 | D:6      | Found an ancient bone altar of Kikubaaqudgha.
  5906 | D:6      | Reached skill level 8 in Long Blades
  6315 | D:7      | Reached XP level 9. HP: 79/81 MP: 8/8
  6358 | D:7      | Noticed a manticore
  6382 | D:7      | Killed a manticore
  6382 | D:7      | Reached * piety under Okawaru
  6383 | D:7      | Reached skill level 9 in Long Blades
  6566 | D:7      | Got the Lessons on the Evil Eye
  6728 | D:7      | Found a sacrificial altar of Ru.
  6878 | D:7      | Found Igout's Antique Weapon Emporium.
  7316 | D:8      | Found a broken altar of Ashenzari.
  7356 | D:8      | Noticed Erica
  7362 | D:8      | Noticed Psyche
  7369 | D:8      | Reached skill level 10 in Long Blades
  7373 | D:8      | Killed Erica
  7373 | D:8      | Reached ** piety under Okawaru
  7374 | D:8      | Reached skill level 10 in Armour
  7374 | D:8      | Reached XP level 10. HP: 62/91 MP: 6/9
  7395 | D:8      | Paralysed by something for 4 turns
  7400 | D:8      | Killed Psyche
  7626 | D:8      | Noticed a two-headed ogre
  7638 | D:8      | Killed a two-headed ogre
  7639 | D:8      | Reached skill level 11 in Long Blades
  7641 | D:8      | Found a basalt altar of Yredelemnul.
  7786 | D:8      | Found a shimmering altar of Xom.
  7964 | D:8      | Found a burning altar of Makhleb.
  7964 | D:8      | Found a stormy altar of Qazlal.
  8323 | D:9      | Reached skill level 10 in Fighting
  8337 | D:9      | Reached *** piety under Okawaru
  8513 | D:9      | Noticed a two-headed ogre
  8523 | D:9      | Killed a two-headed ogre
  8524 | D:9      | Reached skill level 12 in Long Blades
  8583 | D:9      | Found an opulent altar of Gozag.
  8657 | D:9      | Found a radiant altar of Vehumet.
  8944 | D:9      | Found a glowing silver altar of Zin.
  9108 | D:10     | Entered Level 10 of the Dungeon
  9117 | D:10     | Noticed Nergalle
  9136 | D:10     | Killed from afar by Nergalle

Illustrated notes

Levels and vault maps discovered:
D:1:      scummos_arrival_star, layout_basic, shapermc_ecumenical_altar_venn
D:2:      kennysheep_big_flooded_room, layout_rooms, hangedman_decor_push,
          kennysheep_cross_room, uniq_natasha
D:3:      layout_basic, old_standard_altar, slow_altar_1, serial_shops,
          nicolae_shop_trees
D:4:      layout_loops_corners, xom_confusion_cloud,
          minmay_temple_entry_large_hall, serial_shops, nicolae_diamond_shop,
          grunt_tough_drop
D:5:      layout_loops_ring, bloody_trog
D:6:      minmay_evil_eye, layout_basic, mainiacjoe_overflow_surrounded_room,
          old_standard_altar, okawaru_trees_1, serial_corexii_hall,
          corexii_hall_statues_i, corexii_hall_statues_t,
          corexii_hall_statues_u, minivault_22,
          serial_library_hellmonk_long_bookcase
D:7:      layout_basic, nicolae_ru_the_path_less_chosen, serial_shops,
          nicolae_shop_just_a_little_nook, chequers_jeans,
          minmay_misc_feat_four_crosses
D:8:      layout_basic, nicolae_ashenzari_skybound,
          mainiacjoe_overflow_chevrons, gammafunk_temple_overflow_elements,
          kennysheep_diamond, uniq_erica, uniq_psyche
D:9:      layout_roguey, pdpol_temple_overflow_zin_treasury_gozag_greed,
          vehumet_crystals, nrook_pool_corridor
D:10:     layout_loops_cross, mainiacjoe_overflow_paths, david_orc_5,
          nicolae_custom_books, hangedman_glass_garden,
          nicolae_figureground_pulse, uniq_nergalle, uniq_amaemon, uniq_urug
Temple:   nicolae_temple_stand_before_the_council

Skill      XL: |  1  2  3  4  5  6  7  8  9 10 |
---------------+-------------------------------+-----
Armour         | 4 5 6 8 10 11 | 11.1
Fighting       | 4 5 6 8 9 10 | 10.5
Shields        | 4 5 6 7 |  7.6
Long Blades    | 3 4 5 6 7 8 10 12 | 12.3
Dodging        | 1 |  1.4
Stealth        | |  0.7
Invocations    | |  0.3

Action                     |  1- 3 |  4- 6 |  7- 9 | 10-12 || total
---------------------------+-------+-------+-------+-------++-------
  Melee: Long sword        |    76 |   178 |   146 |       ||   400
         Headbutt          |    10 |    32 |    59 |    32 ||   133
         Scimitar          |       |       |   161 |   161 ||   322
 Invoke: Heroism           |       |       |     1 |     3 ||     4
    Use: Scroll            |     4 |     1 |     2 |     7 ||    14
         Potion            |       |       |     1 |       ||     1
 Armour: Scale mail        |    62 |       |       |       ||    62
         Plate armour      |    13 |    85 |   243 |   118 ||   459
         Chain mail        |       |    72 |    38 |       ||   110
  Dodge: Dodged            |    47 |    67 |    84 |    51 ||   249
  Block: Buckler           |    28 |    39 |   103 |    64 ||   234
         Reflection        |       |       |       |     4 ||     4
